[Event "*** Titled Tuesday Blitz"]
[Site "Chess.com"]
[Date "2019.12.03"]
[Round "5"]
[White "Region_07"]
[Black "allvim"]
[Result "1-0"]
[WhiteElo "2367"]
[BlackElo "2190"]
[TimeControl "180+2"]
[EndTime "14:04:53 PST"]
[Termination "Region_07 won by resignation"]

1. d4 Nf6 2. Bg5 d5 3. Bxf6 exf6 4. e3 Bd6 5. c4 c6 6. cxd5 cxd5 7. Nc3 Bc7 8. Qb3 Ba5 9. Ne2 O-O 10. g3 Bg4 11.
Bg2 Bxe2 12. Kxe2 Bxc3 13. bxc3 Qc7 14. Bxd5 Nc6 15. Rhc1 Rac8 16. c4 Rfe8 17. Kf1 Qd7 18. Rab1 Qh3+ 19. Kg1 b6 20. Qb5 Ne7 21. Bb7 Rb8 22.
Bg2 Qe6 23. c5 Nd5 24. c6 Nc7 25. Qc4 Qd6 26. a4 Re7 27. a5 b5 28. Qc5 Qxc5 29.
Rxc5 a6 30. d5 Ne8 31. Rbc1 Rc8 32. Bh3 Rcc7 33. Bd7 Nd6 34. Kf1 Kf8 35. Ke2 Nc4 36. R1xc4 bxc4 37. d6 Rexd7 38. cxd7 Rxd7 39. Rc8+ 1-0

[Event "*** Titled Tuesday Blitz"]
[Site "Chess.com"]
[Date "2019.12.03"]
[Round "5"]
[White "Saitama_Hero"]
[Black "WPWPWP-2015"]
[Result "0-1"]
[WhiteElo "2324"]
[BlackElo "2541"]
[TimeControl "180+2"]
[EndTime "14:04:54 PST"]
[Termination "WPWPWP-2015 won on time"]

1. d4 Nf6 2. c4 e6 3. Nc3 Bb4 4. f3 d5 5. a3 Bxc3+ 6. bxc3 O-O 7. cxd5 Nxd5 8. e4 Ne7 9. Bd3 c5 10. Ne2 Nbc6 11. Be3 cxd4 12. cxd4 e5 13. d5 Na5 14. O-O b6 15. f4 f6 16. fxe5 fxe5 17. Rxf8+ Qxf8 18. Ng3 Nb7 19. Qh5 Ng6 20. Rf1 Qxa3 21. Qf3 Nd6 22. Bh6 Bg4 23. Qxg4 Qxd3 24. Qe6+ Kh8 25.
Bxg7+ Kxg7 26. Nh5+ Kh6 27. Nf6 Qd4+ 0-1

[Event "*** Titled Tuesday Blitz"]
[Site "Chess.com"]
[Date "2019.12.03"]
[Round "5"]
[White "maciek_92"]
[Black "pulvettd"]
[Result "0-1"]
[WhiteElo "2765"]
[BlackElo "2626"]
[TimeControl "180+2"]
[EndTime "14:04:56 PST"]
[Termination "pulvettd won by resignation"]

1. e4 c6 2. d4 d5 3. e5 Bf5 4. Nf3 e6 5. Be2 c5 6. Be3 cxd4 7. Nxd4 Ne7 8. O-O Nbc6 9. Bb5 a6 10. Bxc6+ Nxc6 11. Nxf5 exf5 12. c3 Be7 13. Re1 O-O 14. Nd2 Nxe5 15.
Bd4 Nd3 16. Nf1 Nxe1 17. Qxe1 Bf6 18. Rd1 Re8 19. Qd2 Bxd4 20. Qxd4 Re4 21. Qd2 f4 22. f3 Qb6+ 23. Kh1 Re6 24. b3 Qd6 25. c4 d4 26.
Qxd4 Qxd4 27. Rxd4 Re2 28. a4 g5 29. Kg1 Rb2 30.
Nd2 Kg7 31. h4 h6 32. hxg5 hxg5 33. Rd5 Re8 34. Ne4 f6 35. Rd7+ Kg6 36. Rxb7 f5 37.
Rb6+ Kg7 38. Rb7+ Kh6 39. Rb6+ Kg7 40. Rb7+ Kf8 41. Nxg5 Ree2 42. Nh7+ Ke8 43. Nf6+ Kd8 44. Rg7 Rb1+ 45. Kh2 Ree1 46. Rg8+ Ke7 47. Nd5+ Kf7 0-1

[Event "*** Titled Tuesday Blitz"]
[Site "Chess.com"]
[Date "2019.12.03"]
[Round "5"]
[White "Jadeit90"]
[Black "VeraNebolsina"]
[Result "1-0"]
[WhiteElo "2287"]
[BlackElo "2367"]
[TimeControl "180+2"]
[EndTime "14:05:03 PST"]
[Termination "Jadeit90 won on time"]

1. g3 Nf6 2. Bg2 g6 3. e4 d6 4.
Nc3 Bg7 5. d4 O-O 6. Nge2 e5 7.
O-O Nc6 8. d5 Ne7 9. h3 Ne8 10.
Be3 f5 11. Qd2 Nf6 12. f4 fxe4 13. Kh2 Nf5 14. Nxe4 Nxe4 15. Bxe4 Nxe3 16. Qxe3 Bf5 17. Bxf5 Rxf5 18. c3 Qf8 19. Kg2 Qf7 20. fxe5 Qxd5+ 21. Kh2 Rxe5 22. Qf2 Rf8 23. Nf4 Qc4 24. h4 Re4 25.
Qg2 d5 26. b3 Qxc3 27. Nxd5 Qe5 28. Nf4 c6 29. Rad1 Qe7 30. Rd2 Bc3 31. Rdf2 Bd4 32.
Rf3 Bg7 33. Qf2 Be5 34. Nxg6 Rxh4+ 35. Kg2 1-0

[Event "*** Titled Tuesday Blitz"]
[Site "Chess.com"]
[Date "2019.12.03"]
[Round "5"]
[White "ruvat"]
[Black "vpantev"]
[Result "0-1"]
[WhiteElo "2388"]
[BlackElo "2594"]
[TimeControl "180+2"]
[EndTime "14:05:05 PST"]
[Termination "vpantev won by resignation"]

1. d4 Nf6 2. c4 e6 3. g3 Bb4+ 4.
Bd2 c5 5. Nf3 Qb6 6. Bg2 cxd4 7.
Nxd4 Bxd2+ 8. Qxd2 a6 9. O-O O-O 10. Nc3 d6 11. Rfd1 Rd8 12. Rac1 Nbd7 13. Na4 Qc7 14. b4 Nf8 15. e4 Bd7 16. Nb2 Rac8 17. c5 dxc5 18. Rxc5 Qb8 19. Qc3 Rxc5 20. bxc5 Qc7 21.
Qb4 e5 22. Nb3 Bc6 23. Rd6 Ne8 24. Rxd8 Qxd8 25. h3 Ne6 26. Qc3 Nd4 27. Nxd4 exd4 28. Qc4 Nc7 29. Nd3 Ne6 30. Qc2 Bb5 31. Ne5 d3 32.
Qd2 Nxc5 33. f3 Qd4+ 0-1

[Event "*** Titled Tuesday Blitz"]
[Site "Chess.com"]
[Date "2019.12.03"]
[Round "5"]
[White "Vugar_Manafov"]
[Black "aa175"]
[Result "0-1"]
[WhiteElo "2504"]
[BlackElo "2348"]
[TimeControl "180+2"]
[EndTime "14:05:06 PST"]
[Termination "aa175 won by resignation"]

1. Nf3 Nf6 2. g3 g6 3. b3 Bg7 4. Bb2 O-O 5. Bg2 d5 6. c4 c6 7. O-O a5 8. d3 dxc4 9. bxc4 Qb6 10. Qc1 Nbd7 11. Nbd2 a4 12. Rb1 Qa6 13. Ne5 Nxe5 14. Bxe5 Be6 15. Qb2 Ra7 16. Ne4 a3 17. Qd4 Qa5 18.
Nxf6+ exf6 19. Bxf6 Bxf6 20. Qxf6 Qd2 21. Qd4 Raa8 22. Qa1 Qxe2 23. Rfd1 Rfd8 24. Bf1 Qf3 25. Bg2 Qe2 26. Bf1 Qf3 27. Rxb7 Bxc4 28. Qb1 Bd5 0-1

[Event "*** Titled Tuesday Blitz"]
[Site "Chess.com"]
[Date "2019.12.03"]
[Round "5"]
[White "chiwii"]
[Black "ferdipy"]
[Result "1-0"]
[WhiteElo "1977"]
[BlackElo "2188"]
[TimeControl "180+2"]
[EndTime "14:05:07 PST"]
[Termination "chiwii won by resignation"]

1. e4 c5 2. Nf3 Nc6 3. d4 cxd4 4.
Nxd4 Nf6 5. Nc3 e5 6. Ndb5 d6 7. Nd5 Nxd5 8. exd5 Nb8 9. c4 Be7 10. Be2 O-O 11. O-O f5 12. Be3 f4 13. Bxa7 Bd7 14. a4 Na6 15. Kh1 Qe8 16. Bb6 Rc8 17. f3 g5 18. Nc3 Rf6 19. Ne4 Rh6 20. g4 fxg3 21. Nxg3 Qf7 22. Qd2 Nc5 23. Qe3 Rh4 24.
b4 Na6 25. Rab1 Bxa4 26. c5 dxc5 27. Qxe5 Nxb4 28. d6 Bf6 29. Qf5 Bd7 30. Rxb4 Bxf5 31. Rxh4 gxh4 32. Nxf5 c4 33. Nh6+ Kg7 34. Nxf7 Kxf7 35.
Rc1 c3 36. Bb5 Bd8 37. Bd4 Ba5 38. Kg2 Ke6 39. d7 Rg8+ 40. Kf2 Kd5 41. Bxc3 Bb6+ 42.
Ke2 h3 43. Be1 Rg2+ 44. Kd3 Rxh2 45. Bh4 Rf2 46. Bxf2 1-0

[Event "*** Titled Tuesday Blitz"]
[Site "Chess.com"]
[Date "2019.12.03"]
[Round "5"]
[White "XDPS"]
[Black "ShahMatKanal"]
[Result "1-0"]
[WhiteElo "2738"]
[BlackElo "2484"]
[TimeControl "180+2"]
[EndTime "14:05:14 PST"]
[Termination "XDPS won by resignation"]

1. e4 c5 2. Nf3 Nc6 3. Bb5 g6 4.
Bxc6 dxc6 5. d3 Bg7 6. h3 e5 7.
Nc3 Qe7 8. a3 Nf6 9. O-O Nd7 10.
Be3 Nf8 11. Na4 Ne6 12. b4 b6 13. Qd2 O-O 14. bxc5 b5 15. Nb2 a5 16. a4 b4 17.
Nc4 Nxc5 18. Rfb1 Rd8 19. Qe2 Nd7 20. c3 bxc3 21. Qc2 f5 22. Bg5 Bf6 23. Bxf6 Qxf6 24.
Qxc3 Re8 25. Nxa5 Ra6 26. Nc4 f4 27. a5 g5 28. Nh2 h5 29. Nb6 Nxb6 30. axb6 Rxa1 31.
Rxa1 g4 32. hxg4 hxg4 33. Ra8 g3 34. Nf3 gxf2+ 35. Kxf2 Qd8 36. Qb3+ Kh8 37. b7 Qc7 38. b8=Q 1-0

[Event "*** Titled Tuesday Blitz"]
[Site "Chess.com"]
[Date "2019.12.03"]
[Round "5"]
[White "vladimirdamjanovic"]
[Black "Glufs"]
[Result "0-1"]
[WhiteElo "2573"]
[BlackElo "2392"]
[TimeControl "180+2"]
[EndTime "14:05:14 PST"]
[Termination "Glufs won by checkmate"]

1. c4 c5 2. Nc3 Nc6 3. Nf3 g6 4.
e3 Nf6 5. d4 cxd4 6. exd4 d5 7.
cxd5 Nxd5 8. Bc4 Nxc3 9. Qb3 e6 10. bxc3 Bd7 11. Bd3 Na5 12. Qc2 Bg7 13. Bf4 O-O 14. O-O Rc8 15. Qd2 Nc6 16. Bh6 Re8 17. Bxg7 Kxg7 18.
Qf4 Qf6 19. Qg3 e5 20. d5 e4 21. dxc6 Bxc6 22. Nd4 exd3 23. Qxd3 Be4 24. Qd2 Rc5 25. Rfe1 Rce5 26. f3 Bd5 27. Kf2 Qh4+ 28. Kf1 Qxh2 29.
Rxe5 Rxe5 30. Re1 Bc4+ 31. Kf2 Qh4+ 32. g3 Qh2# 0-1

[Event "*** Titled Tuesday Blitz"]
[Site "Chess.com"]
[Date "2019.12.03"]
[Round "5"]
[White "Spring199"]
[Black "RainForestt"]
[Result "1-0"]
[WhiteElo "2326"]
[BlackElo "2512"]
[TimeControl "180+2"]
[EndTime "14:05:19 PST"]
[Termination "Spring199 won on time"]

1. d4 d5 2. c4 c6 3. cxd5 cxd5 4.
Bf4 Qb6 5. Nc3 Nf6 6. Rc1 Nc6 7. e3 Bf5 8. Bb5 e6 9. Nf3 Be7 10. O-O O-O 11. Qa4 Nh5 12. Bg5 f6 13. Bh4 g5 14. Bg3 Rac8 15. Be2 Nxg3 16. hxg3 Qxb2 17. Bb5 a6 18. Bxa6 bxa6 19. Qxa6 Nb4 20. Qb7 Rcd8 21. Qxe7 Rfe8 22. Qxf6 Nd3 23. Qxg5+ Kf8 24. Qf6+ Kg8 25. Rb1 Qxc3 26. Rb7 Rd7 27. Rxd7 1-0

[Event "*** Titled Tuesday Blitz"]
[Site "Chess.com"]
[Date "2019.12.03"]
[Round "5"]
[White "2nd_life"]
[Black "HrvojeZagreb"]
[Result "1-0"]
[WhiteElo "2477"]
[BlackElo "2214"]
[TimeControl "180+2"]
[EndTime "14:05:19 PST"]
[Termination "2nd_life won by resignation"]

1. e4 e6 2. d4 d5 3. Nc3 dxe4 4. Nxe4 Nd7 5. Nf3 Ngf6 6. Nxf6+ Nxf6 7. Bg5 Be7 8. Bd3 O-O 9. Qe2 c5 10. dxc5 Qa5+ 11.
c3 Qxc5 12. O-O-O a5 13. Kb1 a4 14. a3 h6 15. Be3 Qc7 16. Bd4 Nd5 17. Qe4 f5 18.
Qe2 Nf4 19. Qd2 Nxd3 20. Qxd3 Bf6 21. Bxf6 Rxf6 22. Qd8+ Qxd8 23. Rxd8+ Rf8 24. Rhd1 b6 25. Ne5 Bb7 26. Rxa8 Bxa8 27. g3 Bd5 28. c4 Be4+ 29. Kc1 Rc8 30. Kd2 b5 31. Rc1 bxc4 32. Rxc4 Rb8 33.
Rb4 Rxb4 34. axb4 Kf8 35. Ke3 Bd5 36. Kd4 Ke7 37. Kc5 g5 38. f4 Kf6 39. h4 gxf4 40.
gxf4 Ke7 41. b5 Kd8 42. Nf7+ Kc7 43. Nxh6 Bf3 44. Nf7 Kb7 45. Ng5 Be2 46. Nxe6 1-0

[Event "*** Titled Tuesday Blitz"]
[Site "Chess.com"]
[Date "2019.12.03"]
[Round "5"]
[White "Astaneh"]
[Black "JoakimVonAnd"]
[Result "1-0"]
[WhiteElo "2569"]
[BlackElo "2385"]
[TimeControl "180+2"]
[EndTime "14:05:21 PST"]
[Termination "Astaneh won by resignation"]

1. d4 Nf6 2. Nc3 d5 3. Nf3 Bf5 4. Bf4 e6 5. e3 a6 6. Bd3 Bg6 7. Ne5 c5 8. dxc5 Bxc5 9. h4 Nc6 10. Nxc6 bxc6 11. h5 Bf5 12. Bxf5 exf5 13. h6 g6 14. Na4 Bb4+ 15. c3 Bd6 16. Qd4 Bxf4 17. exf4 Qe7+ 18. Kd1 O-O 19. Re1 Qd6 20. f3 Rfe8 21. Nc5 Nh5 22. Re5 f6 23. Rxe8+ Rxe8 24. Nd3 Ng3 25. Qf2 Ne4 26.
Qa7 Re7 27. Qxa6 Nc5 28. Qa3 Nb7 29. Qxd6 Nxd6 30. b3 g5 31. a4 g4 32. Kd2 Kf7 33. a5 Nb5 34. a6 Kg6 35. Rh1 Ra7 36. Nc5 Nc7 37. b4 Ra8 38. fxg4 fxg4 39. g3 Nxa6 40. Ra1 Nc7 41. Rxa8 Nxa8 42. Ne6 Nb6 43. Nd4 Nc4+ 44.
Ke2 Kxh6 45. Nxc6 Kg6 46. Ne7+ Kf7 47. Nxd5 Ke6 48. Ne3 h5 49. Nxc4 1-0

[Event "*** Titled Tuesday Blitz"]
[Site "Chess.com"]
[Date "2019.12.03"]
[Round "5"]
[White "cool4chess"]
[Black "Bulldog167"]
[Result "1-0"]
[WhiteElo "2623"]
[BlackElo "2895"]
[TimeControl "180+2"]
[EndTime "14:05:22 PST"]
[Termination "cool4chess won by resignation"]

1. e4 e6 2. d4 d5 3. Nc3 Bb4 4. a3 Bxc3+ 5. bxc3 dxe4 6. Qg4 Nf6 7. Qxg7 Rg8 8. Qh6 c5 9. Ne2 cxd4 10. Nxd4 e5 11. Nb3 Rg6 12. Qd2 Qc7 13. c4 Nc6 14. Bb2 Bf5 15. g3 Rd8 16. Qe3 Ng4 17. Qe2 Kf8 18. Bg2 Nd4 19. Nxd4 exd4 20. O-O Re6 21. h3 Ne5 22. Rad1 Nf3+ 23. Bxf3 exf3 24. Qxf3 Bxh3 25. Rfe1 Qxc4 26. Rxe6 Bxe6 27. Qf6 Rd5 28. Bxd4 Qxc2 29. Qh8+ Ke7 30. Bf6+ Kd7 31. Qd8+ Kc6 32. Rxd5 Qb1+ 33. Rd1 Qe4 34. Qd6+ Kb5 35. Qe5+ Qxe5 36. Bxe5 Ka4 37. Bd6 b5 38. Rd4+ Kb3 39. Rh4 Bf5 40. Rh5 Bd3 41. f4 a5 42. Kf2 Bc4 43. Rxh7 b4 44.
axb4 a4 45. b5 Bxb5 46. Rxf7 Bc4 47. Rb7+ 1-0

[Event "*** Titled Tuesday Blitz"]
[Site "Chess.com"]
[Date "2019.12.03"]
[Round "5"]
[White "Heineccius"]
[Black "LucaBrasi1968"]
[Result "1-0"]
[WhiteElo "2647"]
[BlackElo "2420"]
[TimeControl "180+2"]
[EndTime "14:05:25 PST"]
[Termination "Heineccius won by resignation"]

1. d4 f5 2. Nf3 Nf6 3. g3 e6 4. Bg2 Be7 5. O-O O-O 6. c4 d6 7. Nc3 Qe8 8. Qc2 Nc6 9. e4 fxe4 10.
Nxe4 Qh5 11. Ned2 e5 12. dxe5 dxe5 13. c5 Kh8 14. Qc4 e4 15. Nxe4 Nxe4 16. Qxe4 Bxc5 17.
Be3 Bb6 18. Bxb6 axb6 19. Rfe1 Bf5 20. Qh4 Qxh4 21. Nxh4 Bg6 22. Nxg6+ hxg6 23. a3 Rfe8 24. Rad1 Rxe1+ 25. Rxe1 Rd8 26. Bxc6 bxc6 27. Re7 Rc8 28.
Kg2 c5 29. a4 Kg8 30. Kf3 Kf8 31. Rd7 c4 32. Rd4 Ke7 33. Rxc4 1-0

[Event "*** Titled Tuesday Blitz"]
[Site "Chess.com"]
[Date "2019.12.03"]
[Round "5"]
[White "GoldenShare"]
[Black "oskariot"]
[Result "0-1"]
[WhiteElo "2456"]
[BlackElo "2688"]
[TimeControl "180+2"]
[EndTime "14:05:26 PST"]
[Termination "oskariot won by resignation"]

1. e4 e6 2. d4 d5 3. Nd2 c5 4. Ngf3 Nf6 5. e5 Nfd7 6. c3 Nc6 7. Bd3 Be7 8. O-O Qb6 9. dxc5 Nxc5 10. Bc2 a5 11. Nb3 Nxb3 12. Bxb3 Bc5 13. Bc2 Bd7 14. Rb1 a4 15. b4 axb3 16. axb3 Qc7 17. Re1 b5 18. b4 Bb6 19. Be3 Ra3 20. Bxb6 Qxb6 21. Qd3 Qa6 22. Ng5 h6 23. Nxf7 Kxf7 24. Qg6+ Kg8 25. Re3 Ne7 26. Qh5 Ra1 27. Rf3 Rxb1+ 28. Bxb1 g6 29. Qh4 Qa1 30. g3 Qxb1+ 31. Kg2 g5 32. Qh5 Qg6 33. Qg4 h5 34. Qd4 Nf5 35. Qa7 Rh7 36. h3 Rf7 37. Qb8+ Kg7 0-1

[Event "*** Titled Tuesday Blitz"]
[Site "Chess.com"]
[Date "2019.12.03"]
[Round "5"]
[White "HanSchut"]
[Black "PNEPaul"]
[Result "1/2-1/2"]
[WhiteElo "2321"]
[BlackElo "1716"]
[TimeControl "180+2"]
[EndTime "14:05:26 PST"]
[Termination "Game drawn - insufficient material"]

1. e4 e5 2. Nf3 Nc6 3. Bc4 Be7 4. d4 exd4 5. c3 d6 6. cxd4 Nf6 7. Nc3 Nxe4 8. Qb3 Na5 9. Bxf7+ Kf8 10. Qa4 Nxc3 11.
bxc3 Kxf7 12. Qxa5 c6 13. Qh5+ g6 14. Qh6 Qf8 15.
Ng5+ Bxg5 16. Qxg5 Qe7+ 17. Qxe7+ Kxe7 18. O-O Be6 19. Re1 Kd7 20. Bg5 Rhe8 21. a3 Bd5 22. f3 Rxe1+ 23. Rxe1 Re8 24. Rxe8 Kxe8 25. Kf2 Kd7 26.
Ke3 Bc4 27. Kf4 Ke6 28. Bh4 h5 29. Kg5 Bd3 30. Bg3 b5 31. Bf4 a5 32. g4 hxg4 33. fxg4 c5 34. dxc5 dxc5 35. Bc7 a4 36.
Bb6 Kd5 37. h4 b4 38. cxb4 cxb4 39. axb4 a3 40. Bd8 Kc4 41. Bf6 Kxb4 42. Be7+ Kb3 43. Bxa3 Kxa3 44. h5 gxh5 45. gxh5 Kb3 46. Kf6 Kc4 47.
h6 Kb3 48. Kg7 Kc4 49. h7 Bxh7 1/2-1/2

[Event "*** Titled Tuesday Blitz"]
[Site "Chess.com"]
[Date "2019.12.03"]
[Round "5"]
[White "enriquetejedor"]
[Black "rogapa"]
[Result "0-1"]
[WhiteElo "2468"]
[BlackElo "2714"]
[TimeControl "180+2"]
[EndTime "14:05:30 PST"]
[Termination "rogapa won by resignation"]

1. e4 c5 2. Nf3 d6 3. d4 cxd4 4.
Nxd4 Nf6 5. Nc3 a6 6. h3 e6 7. g4 Be7 8. Bg2 Nfd7 9. O-O b5 10.
e5 d5 11. Nxd5 exd5 12. Bxd5 Nb6 13. Bxa8 Nxa8 14. Qf3 Qxd4 15. Qxa8 Qb6 16. Be3 Qb7 17. Qxb7 Bxb7 18. a4 b4 19. c3 b3 20. Rfd1 h5 21. g5 h4 22. f4 g6 23. Kf2 O-O 24. Rd2 Bc8 25. Kg2 Nc6 26. a5 Be6 27. Bf2 Rc8 28. Bxh4 Bd8 29. Rd6 Nxa5 30. Rxd8+ Rxd8 31. Rxa5 Rd2+ 32. Bf2 Rxb2 33. Rxa6 Rd2 34. Ra8+ Kh7 35. Rb8 b2 36. Kf3 Bf5 37. c4 b1=Q 38. Rxb1 Bxb1 39. c5 Bf5 40. h4 Kg8 41. Be1 Rc2 42. Bf2 Kf8 43. Bd4 Ke8 44. Bg1 Kd7 45. Kg3 Kc6 46. h5 gxh5 47. Kh4 Rc1 48. Kxh5 Rxg1 49. Kh6 Kxc5 50. Kg7 Be6 51. Kf6 Rf1 52. g6 Rxf4+ 53. Ke7 0-1

[Event "*** Titled Tuesday Blitz"]
[Site "Chess.com"]
[Date "2019.12.03"]
[Round "5"]
[White "masrahi"]
[Black "saraswathii"]
[Result "0-1"]
[WhiteElo "1945"]
[BlackElo "2231"]
[TimeControl "180+2"]
[EndTime "14:05:31 PST"]
[Termination "saraswathii won by resignation"]

1. c4 Nc6 2. Nc3 Nf6 3. d4 d6 4.
Nf3 g6 5. d5 Nb8 6. e4 Bg7 7.
h3 O-O 8. Be2 a5 9. Bf4 Na6 10.
O-O Nc5 11. e5 Nfd7 12. exd6 cxd6 13. Rb1 a4 14. Nb5 Nb6 15. b4 axb3 16. axb3 Bd7 17.
Nfd4 Ra2 18. b4 Ne4 19. Bd3 Bxd4 20. Nxd4 Nc3 21. Qb3 Nxb1 22. Qxa2 Nc3 23. Qb3 Nca4 24.
Bh6 Re8 25. Qd1 Nb2 26. Qf3 Nxd3 27. Qxd3 Qc7 28. Qg3 Qxc4 29. Nf3 Nxd5 30. Ng5 Nf6 31. Nf3 Bb5 32. Be3 Qxf1+ 33. Kh2 Rc8 34. Qh4 Qc4 35.
Qh6 Qd5 36. Ng5 Qe5+ 37. g3 Rc2 38. Kg2 Qxe3 39. Nxf7 Qxf2+ 0-1

[Event "*** Titled Tuesday Blitz"]
[Site "Chess.com"]
[Date "2019.12.03"]
[Round "5"]
[White "VladimirBelous"]
[Black "pedromartinez91"]
[Result "1-0"]
[WhiteElo "2745"]
[BlackElo "2522"]
[TimeControl "180+2"]
[EndTime "14:05:35 PST"]
[Termination "VladimirBelous won on time"]

1. c4 e5 2. g3 Nf6 3. Bg2 d5 4. c5 Bxc5 5. d3 Nc6 6. Nf3 O-O 7. O-O Bb6 8. Bg5 h6 9. Bxf6 Qxf6 10. Nc3 Be6 11.
Rc1 Rad8 12. a3 e4 13. Nd2 e3 14. fxe3 Bxe3+ 15. Kh1 Qe7 16. Ra1 Ne5 17. Nf3 Ng4 18.
Qe1 Bb6 19. Nd1 Rfe8 20. h3 Ne3 21. Nxe3 Bxe3 22. Qb4 c5 23. Qa4 b6 24. Ne5 Qd6 25. Ng4 Bd7 26. Qxa7 Re7 27. Nxe3 Rxe3 28. Qb7 Be6 29. g4 Rxe2 30. Rf3 Qe5 31. Raf1 Qxb2 32. Qc7 Rd7 33. Qb8+ Kh7 34. Qg3 Qxa3 35. g5 hxg5 36.
Qxg5 Qb2 37. Rg3 Qe5 38. Qh4+ Kg8 39. Rg5 Qd4 40. Qg3 f6 41. Qb8+ Kf7 42. Bf3 fxg5 43. Bh5+ 1-0

[Event "*** Titled Tuesday Blitz"]
[Site "Chess.com"]
[Date "2019.12.03"]
[Round "5"]
[White "Radzio1987"]
[Black "GameOverBro"]
[Result "1-0"]
[WhiteElo "2859"]
[BlackElo "2490"]
[TimeControl "180+2"]
[EndTime "14:05:38 PST"]
[Termination "Radzio1987 won by resignation"]

1. c4 d6 2. Nc3 e5 3. g3 g6 4. Bg2 Bg7 5. e3 Nc6 6. Nge2 f5 7. d3 Nf6 8. b3 O-O 9. O-O h6 10. Bb2 Bd7 11. Qd2 Qe7 12. Rae1 g5 13. f4 Rae8 14. Nd5 Nxd5 15. cxd5 Nd8 16. e4 fxe4 17. dxe4 exf4 18. gxf4 Bb5 19. Bxg7 Qxg7 20. fxg5 Rxf1+ 21. Rxf1 Qxg5 22. Qxg5+ hxg5 23. Rf2 Bxe2 24. Rxe2 Nf7 25. Rc2 Re7 26. Bh3 Ne5 27. Bc8 b6 28. Kf2 Nd3+ 29. Ke3 Nc5 30. Bf5 a5 31. Rg2 Rg7 32.
Kd4 Kf8 33. Rg3 Nb7 34. Rh3 Ke7 35. e5 dxe5+ 36. Kxe5 Nd6 37. Be6 b5 38. Rh8 a4 39.
bxa4 bxa4 40. Ra8 a3 41. h3 Rh7 42. Rg8 Rh4 43. Rg7+ Kf8 44. Rxc7 Nb5 45. Rb7 Nc3 46. d6 Re4+ 47. Kf6 1-0

[Event "*** Titled Tuesday Blitz"]
[Site "Chess.com"]
[Date "2019.12.03"]
[Round "5"]
[White "norwaytoadog"]
[Black "przemekpiotrowski"]
[Result "0-1"]
[WhiteElo "2281"]
[BlackElo "2423"]
[TimeControl "180+2"]
[EndTime "14:05:40 PST"]
[Termination "przemekpiotrowski won on time"]

1. e4 c5 2. Nf3 Nc6 3. Bb5 g6 4. Bxc6 dxc6 5. d3 Bg7 6. h3 e5 7.
Be3 Qe7 8. O-O Nf6 9. Nbd2 Nd7 10. Nc4 O-O 11. Qc1 Re8 12. Bh6 Bh8 13. Nh2 Nf8 14.
f4 exf4 15. Qxf4 Ne6 16. Qd6 b5 17. Qxe7 Rxe7 18. Na5 Bxb2 19. Nxc6 Rc7 20. Rab1 Bc3 21. Rb3 b4 22. Na5 Nd4 23. Rbb1 Be6 24. Nb3 Nxc2 25. Ng4 Bxg4 26. hxg4 a5 27. Rbc1 Nd4 28. Nxd4 cxd4 29. Rf6 a4 30. e5 b3 31. e6 bxa2 32. Rcf1 a1=Q 33. exf7+ Rxf7 34. Rxf7 Qxf1+ 35. Rxf1 a3 0-1

[Event "*** Titled Tuesday Blitz"]
[Site "Chess.com"]
[Date "2019.12.03"]
[Round "5"]
[White "vugarrasulov"]
[Black "Squirlolz"]
[Result "1-0"]
[WhiteElo "2791"]
[BlackElo "2604"]
[TimeControl "180+2"]
[EndTime "14:05:43 PST"]
[Termination "vugarrasulov won by checkmate"]

1. d4 Nf6 2. Nc3 d5 3. Bf4 e6 4. Nb5 Na6 5. e3 Be7 6. h3 O-O 7. Nf3 c6 8. Nc3 c5 9. Be2 b6 10. Ne5 Bb7 11. O-O Nb4 12. Bf3 cxd4 13. exd4 Rc8 14.
Re1 Ne4 15. a3 Nxc3 16. bxc3 Nc6 17. Qd3 Nxe5 18. Bxe5 Bd6 19. a4 Bxe5 20. Rxe5 Qc7 21. Re3 g6 22. h4 Qe7 23. g3 Rc7 24. a5 bxa5 25. Rxa5 a6 26. Qd2 Rfc8 27. Be2 Qd6 28. h5 Qb6 29. Ra3 Qb2 30. Rb3 Qa1+ 31. Kg2 a5 32. hxg6 hxg6 33. Bd3 a4 34. Rb6 a3 35. Bxg6 a2 36. Bxf7+ Rxf7 37. Rexe6 Qb1 38. Rg6+ Kf8 39.
Qh6+ Ke8 40. Rg8+ Kd7 41. Qd6# 1-0

[Event "*** Titled Tuesday Blitz"]
[Site "Chess.com"]
[Date "2019.12.03"]
[Round "5"]
[White "RiskyDecision"]
[Black "davigator"]
[Result "1-0"]
[WhiteElo "2521"]
[BlackElo "2310"]
[TimeControl "180+2"]
[EndTime "14:05:44 PST"]
[Termination "RiskyDecision won by resignation"]

1. d4 Nf6 2. c4 e6 3. g3 Bb4+ 4.
Bd2 a5 5. Nf3 b6 6. Bg2 Ba6 7.
Qc2 c6 8. O-O O-O 9. Rd1 d5 10.
b3 Nbd7 11. Bf4 Be7 12. Nbd2 Rc8 13. e4 h6 14. e5 Ne8 15. Rac1 Ba3 16. Rb1 Bb4 17. h4 Nc7 18. Bf1 Bb7 19. h5 Re8 20. Qd3 Bf8 21. Qe3 c5 22. Bd3 cxd4 23. Nxd4 Bc5 24.
N2f3 dxc4 25. Bxc4 Qe7 26. Qe2 Nd5 27. Bd2 Red8 28.
Nb5 Nb8 29. Bd3 Nc6 30. Qe4 f5 31. exf6 Nxf6 32. Qe2 Nb4 33. Bg6 Nxa2 34. Ne5 Ba8 35. Bf7+ Qxf7 36. Nxf7 Kxf7 37. Be3 Nb4 38. Bxc5 bxc5 39.
Nd6+ Ke7 40. Nxc8+ Rxc8 41. Rbc1 Bd5 42. Qe3 Nd7 43.
f3 Rf8 44. Rf1 Kd6 45. Rcd1 Kc6 46. g4 Nc2 47. Qc3 Nb4 48. Rde1 Rf6 49. Ra1 Kb6 50.
f4 Nc6 51. g5 hxg5 52. fxg5 Rf7 53. Rxf7 1-0

[Event "*** Titled Tuesday Blitz"]
[Site "Chess.com"]
[Date "2019.12.03"]
[Round "5"]
[White "OparinGrigoriy"]
[Black "MatthewG-p4p"]
[Result "0-1"]
[WhiteElo "3000"]
[BlackElo "2784"]
[TimeControl "180+2"]
[EndTime "14:05:47 PST"]
[Termination "MatthewG-p4p won by checkmate"]

1. Nf3 g6 2. c4 c5 3. d4 cxd4 4. Nxd4 Bg7 5. g3 Nc6 6. Nc2 d6 7. Bg2 Nf6 8. O-O Qa5 9. Nc3 Qh5 10. Nd5 Nxd5 11. cxd5 Ne5 12. f4 Ng4 13. h3 Nf6 14. g4 Bxg4 15. hxg4 Nxg4 16. Rf3 Qh2+ 17. Kf1 Qh4 18.
Ne1 Rc8 19. Be3 Nxe3+ 20. Rxe3 Qxf4+ 21. Rf3 Qh4 22. Qb3 O-O 23. Nd3 g5 24. Qxb7 g4 25.
Rf4 h5 26. Qxa7 Qg5 27. Qd7 f5 28. Kg1 Rc2 29. Qe6+ Kh8 30. Raf1 Qh4 31. Rxf5 Bd4+ 32. e3 Rxg2+ 33. Kxg2 Qh3+ 34. Kf2 Rxf5+ 35. Qxf5 Qxe3+ 36. Kg2 Qh3# 0-1

[Event "*** Titled Tuesday Blitz"]
[Site "Chess.com"]
[Date "2019.12.03"]
[Round "5"]
[White "eCztery"]
[Black "IMRosen"]
[Result "0-1"]
[WhiteElo "2408"]
[BlackElo "2605"]
[TimeControl "180+2"]
[EndTime "14:05:47 PST"]
[Termination "IMRosen won by resignation"]

1. e4 c5 2. Nf3 Nc6 3. Bb5 e6 4. O-O Nge7 5. Re1 a6 6. Bf1 Nd4 7. c3 Nxf3+ 8. Qxf3 Nc6 9. Qg3 g6 10. d4 cxd4 11. cxd4 Bg7 12. d5 Ne7 13. Nc3 O-O 14. Qh4 b5 15. Bg5 f6 16. Bh6 e5 17. d6 Nc6 18.
Nd5 Bb7 19. Re3 Rf7 20. a4 Nd4 21. Ne7+ Rxe7 22. dxe7 Qxe7 23. axb5 axb5 24. Rxa8+ Bxa8 25. Ra3 Bc6 26. Bxg7 Kxg7 27. Ra7 Qc5 28. Qh3 Qxa7 29. Qc3 Qa1 30. Qd2 b4 31. h4 Bb5 32. Kh2 Qxf1 33. Qxb4 Kf7 34. Qd6 Bc6 35. Qa3 Qxf2 36. Qa2+ Kg7 37.
Qa3 Qxh4+ 38. Kg1 Qe1+ 39. Kh2 Kf7 40. Qa2+ Ne6 41. Qa3 Qxe4 42. Qh3 Qxg2+ 43. Qxg2 Bxg2 44. Kxg2 d5 45. b4 Ke7 46. b5 Kd7 47. Kg3 Kc7 48.
Kf3 Kb6 49. Ke3 Kxb5 50. Kd2 h5 51. Kc2 g5 0-1

[Event "*** Titled Tuesday Blitz"]
[Site "Chess.com"]
[Date "2019.12.03"]
[Round "5"]
[White "marianokar"]
[Black "resha1988"]
[Result "0-1"]
[WhiteElo "2401"]
[BlackElo "2741"]
[TimeControl "180+2"]
[EndTime "14:05:47 PST"]
[Termination "resha1988 won on time"]

1. c4 c5 2. Nf3 Nc6 3. e3 Nf6 4. Nc3 g6 5. d4 Bg7 6. d5 Na5 7. e4 d6 8. h3 O-O 9. Bd3 a6 10. O-O Rb8 11. a4 e5 12. dxe6 Bxe6 13. Nd5 Bxd5 14. exd5 b5 15. cxb5 c4 16. Bc2 axb5 17. Nd4 b4 18. Nb5 Re8 19. Bf4 b3 20. Bb1 Nh5 21.
Bxd6 Bxb2 22. Bxg6 hxg6 23. Rb1 Rxb5 24. Rxb2 Qxd6 25.
axb5 c3 26. Rxb3 Nxb3 27. Qxb3 Nf4 28. b6 Ne2+ 29. Kh1 Rb8 30. b7 Qd7 31. Qc4 Qe7 32. Qc8+ Qe8 0-1